 Dungeon Crawl Stone Soup version 0.28.0 (webtiles) character file.

Game seed: 12741576099389039826

160 mopl the Sneak (level 5, -3/37 HPs)
             Began as an Octopode Delver on Feb 14, 2022.
             Slain by an orc wizard (5 damage)
             ... on level 4 of the Dungeon.
             The game lasted 00:01:15 (1317 turns).

mopl the Sneak (Octopode Delver)                    Turns: 1317, Time: 00:01:15

Health: -3/37      AC:  1    Str: 11    XL:     5   Next: 41%
Magic:  5/5        EV: 14    Int: 12    God:
Gold:   42         SH:  0    Dex: 16    Spells: 4/4 levels left

rFire   . . .      SeeInvis .   a - +0 falchion
rCold   . . .      Faith    .   (no shield)
rNeg    . . .      Spirit   .   (helmet restricted)
rPois   .          Reflect  .   (no amulet)
rElec   .          Harm     .   (no ring)
rCorr   .          Rampage  .   (no ring)
Will    .....                   (no ring)
Stlth   +++.......              (no ring)
HPRegen 0.12/turn               (no ring)
MPRegen 0.09/turn               (no ring)
                                (no ring)
                                (no ring)

@: confused
A: almost no armour, amphibious, 8 rings, camouflage 1, gelatinous body 1,
(nimble swimmer 1), tentacles
a: no special abilities


You were on level 4 of the Dungeon.
You visited 1 branch of the dungeon, and saw 2 of its levels.

You collected 42 gold pieces.

Inventory:

Hand Weapons
 a - a +0 falchion (weapon)
Wands
 f - a wand of digging (3)
Scrolls
 b - a scroll of fog
 c - a scroll of magic mapping
 d - a scroll of fear
 i - 3 scrolls of amnesia {unknown}
Potions
 e - a potion of haste
 g - 2 potions of might {unknown}
 h - a potion of curing {unknown}


   Skills:
 + Level 3.7 Fighting
 * Level 3.7 Long Blades
 + Level 2.9 Dodging
 + Level 7.3 Stealth


You had 4 spell levels left.
You didn't know any spells.
Your spell library was empty.

Dungeon Overview and Level Annotations

Branches:
Dungeon (5/15)
 Temple: D:4-7

Altars:

Annotations:
D:4 Pikel
D:5 Edmund


Innate Abilities, Weirdness & Mutations

You cannot wear most types of armour.
You are amphibious.
You can wear up to eight rings at the same time.
Your skin changes colour to match your surroundings (Stealth+).
Your rubbery body absorbs attacks. (AC +1, EV +1)
((You are camouflaged when in or above water. (Stealth+)))
You have tentacles for arms and can constrict up to eight enemies at once.


Message History

The orc wizard flickers and vanishes!
Deactivating autopickup; reactivate with Ctrl-A.
No target in view!
No target in view!
No target in view!
You hit something but do no damage. Something hits you. x2
You miss something. Something hits you.
You hit something but do no damage.
You hear some strange, mumbled words.
A puff of flame appears from out of thin air!
The puff of flame hits you!
You closely miss something.
You hear some strange, mumbled words.
Something tries to affect you, but you resist.
You barely miss something. Your squeeze misses something.
You hear some strange, mumbled words.
You are confused.
You bump into the rock wall.
Something hits you.
You closely miss something. Something hits you.
You completely miss something. Your squeeze misses something.
You hear some strange, mumbled words.
You are more confused.
Something completely misses you.
You bump into the rock wall.
Something hits you.
You're too confused to move!
Something hits you.
You bump into the rock wall.
Something hits you.
* * * LOW HITPOINT WARNING * * *
You bump into the rock wall.
Something barely misses you.
You bump into the rock wall.
Something barely misses you.
You bump into the rock wall.
You hear some strange, mumbled words.
You are more confused.
You miss something. Something hits you.
* * * LOW HITPOINT WARNING * * *
You miss something.
Your tentacle-slap misses something.
Something hits you.
* * * LOW HITPOINT WARNING * * *
You closely miss something. Something hits you.
* * * LOW HITPOINT WARNING * * *
You're too confused to move!
Something hits you.
You die...

#.......# #....?.##
.. ##...(...##.
....##...........
#.............#.
$.####(.........
##.........#
##..####{).......##
.......@.........#
#...#..............
# #..............
##....#........
.............
.............
.............
..............


There were no monsters in sight!

Vanquished Creatures
  A water moccasin skeleton (D:5)
  2 orc priests (D:5)
  An orc wizard (D:5)
  A gnoll (D:5)
  A shadow imp (D:5)
  4 orcs (D:5)
  An endoplasm (D:5)
  A hobgoblin (D:5)
  2 kobolds (D:4)
14 creatures vanquished.

Notes
Turn   | Place    | Note
-------+----------+-------------------------------------------
     0 | D:5      | mopl the Octopode Delver began the quest for the Orb.
     0 | D:5      | Reached XP level 1. HP: 16/16 MP: 1/1
    83 | D:5      | Reached XP level 2. HP: 8/21 MP: 2/2
    83 | D:5      | Reached XP level 3. HP: 10/26 MP: 3/3
   328 | D:5      | Noticed Edmund
   429 | D:5      | Reached skill level 7 in Stealth
   430 | D:5      | Reached skill level 3 in Long Blades
   576 | D:5      | Reached XP level 4. HP: 31/31 MP: 4/4
   581 | D:4      | Noticed Pikel
   581 | D:4      | Noticed a lemure
   581 | D:4      | Noticed a lemure
   581 | D:4      | Noticed a lemure
   581 | D:4      | Noticed a lemure
   847 | D:5      | Reached XP level 5. HP: 27/36 MP: 5/5
  1059 | D:5      | Noticed a phantom
  1317 | D:4      | Slain by an orc wizard

Illustrated notes

Levels and vault maps discovered:
D:4:      layout_cave_pools, serial_shops, shop, minmay_misc_feat_room,
          corexii_hall_statues_deadend, uniq_pikel, uniq_natasha
D:5:      layout_loops_corners, nrook_mini_vaults, hangedman_decor_growths,
          uniq_grinder, uniq_edmund

Skill      XL: |  1  2  3 |
---------------+----------+-----
Stealth        | 7 |  7.3
Long Blades    | 3 |  3.7
Fighting       | |  3.7
Dodging        | |  2.9

Action                   |  1- 3 |  4- 6 || total
-------------------------+-------+-------++-------
Melee: Falchion          |     8 |    34 ||    42
       Tentacles         |     3 |     5 ||     8
       Constrict         |     2 |     5 ||     7
 Stab: Sleeping          |     1 |     1 ||     2
Armor: Skin              |       |     1 ||     1
Dodge: Dodged            |     5 |    16 ||    21
